 Dungeon Sprint DCSS version 0.24-a0-244-ga6a6ab7 (webtiles) character file.

Game seed: 11800468263464129531

31 MikeHunt the Covert (level 3, -6/32 HPs)
             Began as a Naga Assassin on Apr 12, 2019.
             Mangled by a human (8 damage)
             ... in the Dungeon (Sprint III: "The Ten Rune Challenge").
             The game lasted 00:01:06 (92 turns).

MikeHunt the Covert (Naga Assassin)                   Turns: 92, Time: 00:01:07

Health: -6/32      AC:  3    Str: 13    XL:     3   Next: 22%
Magic:  3/3        EV:  9    Int: 13    God:
Gold:   29         SH:  0    Dex: 15    Spells: 2/2 levels left

rFire    . . .     SeeInvis +   a - +2 dagger
rCold    . . .     Gourm    .   (no shield)
rNeg     . . .     Faith    .   c - +0 robe
rPois    +         Spirit   .   (no helmet)
rElec    .         Reflect  .   d - +0 cloak
rCorr    .         Harm     .   (no gloves)
MR       .....     NoTele   +   (no barding)
Stlth    +++++.....             (no amulet)
HPRegen  0.10/turn              (no ring)
MPRegen  0.08/turn              (no ring)

@: very slow
A: large, thin skeletal structure 1, see invisible, clever 1, deformed body,
poison resistance, slowness 2, slow metabolism 1, spit poison 1, AC +1
a: Spit Poison


You were in the Dungeon.
You were not hungry.

You visited 1 branch You collected 29 gold pieces.

Inventory:

Hand Weapons
 a - a +2 dagger (weapon)
 b - a +0 blowgun
Missiles
 e - 4 poisoned needles
 f - 2 curare-tipped needles
Armour
 c - a +0 robe (worn)
 d - a +0 cloak (worn)
 p - a +0 leather armour
Scrolls
 m - a scroll of blinking
 n - 3 scrolls of identify {unknown}
 r - 3 scrolls of immolation {unknown}
 u - 2 scrolls of remove curse
Potions
 h - a potion of curing
 i - a potion of heal wounds
 j - a potion of haste
 k - 2 potions of magic
 l - a potion of berserk rage
 q - 3 potions of mutation
 s - a potion of invisibility {unknown}
 t - a potion of flight {unknown}
 v - a potion of lignification {unknown}
Comestibles
 g - 3 rations
 o - 4 chunks of flesh {@w1}


   Skills:
 - Level 2.0 Fighting
 - Level 2.0 Short Blades
 - Level 1.7 Throwing
 - Level 0.7 Dodging
 + Level 11.1 Stealth


You had 2 spell levels left.
You didn't know any spells.
Your spell library was empty.

Dungeon Overview and Level Annotations

Branches:
Dungeon (1/1)

Altars:


Innate Abilities, Weirdness & Mutations

You cannot wear boots.
Your serpentine skin is tough. (AC +1)
You have supernaturally acute eyesight. (SInv)
Armour fits poorly on your strangely shaped body.
Your system is resistant to poisons. (rPois)
You cover ground very slowly.
You have a slow metabolism.
You can spit poison.
You have a somewhat thin skeletal structure. (Dex +2, Stealth)
Your mind is acute. (Int +2)


Message History

The human hits you.
Press: ? - help, Shift-Dir - straight line, f/p - human
Aim: a human (heavily wounded, poisoned)
The splash of poison misses the human.
You feel slightly more hungry. The human closely misses you.
You closely miss the human.
The human is heavily wounded.
The human hits you!
You have got your breath back.
The human barely misses you.
You closely miss the human.
The human is severely wounded.
The human hits you.
* * * LOW HITPOINT WARNING * * *
You completely miss the human.
The human is severely wounded.
The human hits you!
* * * LOW HITPOINT WARNING * * *
The human hits you!
You die...

▓.†...#....≈.♣♣♣
▓....†#...≈≈♣♣.♣
▓.....#..≈≈≈≈.♣.
▓####'#..≈≈≈≈≈≈.
▓.....#.≈≈≈≈≈≈..
▓.÷.).#.≈≈≈≈≈...
▓.....#.≈≈≈.....
▓'#####..(.(((..
▓.@p............
▓▓▓▓▓▓▓▓▓▓▓▓▓▓▓▓


You could see a human.

Vanquished Creatures
  Jessica (D)
  A phantom (D)
  3 rats (D)
5 creatures vanquished.

Vanquished Creatures (others)
  2 plants (D)
2 creatures vanquished.

Grand Total: 7 creatures vanquished

Notes
Turn   | Place    | Note
-------+----------+-------------------------------------------
     0 | D        | MikeHunt the Naga Assassin began the quest for the Orb.
     0 | D        | Reached XP level 1. HP: 19/19 MP: 1/1
     4 | D        | Reached skill level 6 in Stealth
    12 | D        | Noticed Jessica
    15 | D        | Killed Jessica
    15 | D        | Reached skill level 10 in Stealth
    15 | D        | Reached XP level 2. HP: 26/26 MP: 2/2
    15 | D        | Reached XP level 3. HP: 32/32 MP: 3/3
    49 | D        | Reached skill level 11 in Stealth
    61 | D        | Gained mutation: Your mind is acute. (Int +2) [potion of
                  | mutation]
    61 | D        | Gained mutation: You have a somewhat thin skeletal
                  | structure. (Dex +2, Stealth) [potion of mutation]
    92 | D        | Mangled by a human

Levels and vault maps discovered:
D:        dungeon_sprint_mu [sprint_mu_entry_forest, sprint_mu_temple_rooms,
          sprint_mu_d1_horrors, sprint_mu_d2_genie, sprint_mu_d3_branching,
          sprint_mu_orc_legion, sprint_mu_elf_gauntlet, sprint_mu_hive_nellie,
          sprint_mu_lair_fedhas, sprint_mu_vaults_butterflies,
          sprint_mu_slime_circle, sprint_mu_swamp_cave, sprint_mu_shoals_archi,
          sprint_mu_blade_basic, sprint_mu_crypt_chambers,
          sprint_mu_tomb_spiral, sprint_mu_vestibule_basic,
          sprint_mu_gehenna_hellfire, sprint_mu_dis_giant,
          sprint_mu_tartarus_statrot, sprint_mu_cocytus_islands, sprint_mu_zot1]

Skill      XL: |  1  2  3 |
---------------+----------+-----
Stealth        | 10 11 | 11.1
Fighting       | |  2.0
Short Blades   | |  2.0
Throwing       | |  1.7
Dodging        | |  0.7

Action                   || total
-------------------------++-------
Melee: Dagger            ||    12
 Fire: Blowgun           ||     4
 Abil: Spit Poison       ||     2
  Use: Potion            ||     1
 Stab: Sleeping          ||     4
Armor: Robe              ||     1
Dodge: Dodged            ||     4

Table legend:
 A = Non-vault XP
 B = Vault XP
 C = Vault XP percentage of total XP
 D = Non-vault monster count
 E = Vault monster count
 F = Vault count percentage of total count
                 A         B        C        D         E       F
            +---------+---------+-------+---------+---------+-------
      Total |       0 |      45 | 100.0 |       0 |       5 | 100.0
            +---------+---------+-------+---------+---------+-------
          D |       0 |      45 | 100.0 |       0 |       5 | 100.0
            +---------+---------+-------+---------+---------+-------
